 Dungeon Crawl Stone Soup version 0.29-a0-334-gb41bcbb86e (webtiles) character file.

Game seed: 14003086181653766458

1530 chopper the Blocker (level 8, -4/69 HPs)
             Began as a Minotaur Fighter on Apr 15, 2022.
             Slain by a small abomination (17 damage)
             ... on level 1 of the Abyss.
             The game lasted 00:40:15 (7378 turns).

chopper the Blocker (Minotaur Fighter)              Turns: 7378, Time: 00:40:16

Health: -4/69      AC: 12    Str: 21    XL:     8   Next: 55%
Magic:  7/7        EV:  5    Int:  5    God:
Gold:   357        SH: 16    Dex: 18    Spells: 7/7 levels left

rFire   . . .      SeeInvis .   a - +0 war axe
rCold   . . .      Faith    .   j - +0 tower shield
rNeg    . . .      Spirit   .   c - +0 chain mail
rPois   .          Reflect  .   (helmet restricted)
rElec   .          Harm     .   d - +0 cloak {Stlth+}
rCorr   .          Rampage  .   (no gloves)
Will    .....                   B - +0 pair of boots
Stlth   ..........              (no amulet)
HPRegen 0.21/turn               i - +6 ring of dexterity
MPRegen 0.10/turn               (no ring)

@: no status effects
A: horns 2, retaliatory headbutt
a: no special abilities


You were on level 1 of the Abyss.
You visited 1 branch of the dungeon, and saw 6 of its levels.
You visited the Abyss 1 time.

You collected 357 gold pieces.

Inventory:

Hand Weapons
 a - a +0 war axe (weapon)
 g - a +3 quarterstaff of chaos
 r - a +1 falchion of protection
 u - a +0 hand crossbow
Missiles
 s - a boomerang (quivered)
 C - 7 javelins
Armour
 c - a +0 chain mail (worn)
 d - a +0 cloak of stealth (worn)
 j - a +0 tower shield (worn)
 B - a +0 pair of boots (worn)
Jewellery
 i - a +6 ring of dexterity (left hand)
 F - a +6 ring of intelligence
Wands
 v - a wand of digging (7)
Scrolls
 f - 3 scrolls of teleportation
 h - a scroll of holy word
 k - a scroll of fear
 l - a scroll of silence
 m - 3 scrolls of noise
 p - a scroll of torment
 y - a scroll of enchant weapon {unknown}
 E - a scroll of enchant armour {unknown}
Potions
 b - a potion of berserk rage
 e - a potion of ambrosia
 n - 3 potions of curing
 o - a potion of lignification {unknown}
 q - a potion of flight {unknown}
 t - a potion of attraction {unknown}
 x - a potion of brilliance {unknown}
 z - a potion of mutation {unknown}
 A - a potion of resistance {unknown}


   Skills:
 + Level 5.4 Fighting
 + Level 8.0 Axes
 + Level 0.1 Crossbows
 + Level 0.4 Throwing
 + Level 6.4 Armour
 + Level 1.7 Dodging
 + Level 0.2 Stealth
 + Level 8.2 Shields


You had 7 spell levels left.
You didn't know any spells.
Your spell library contained the following spells:

 Spells                   Type           Power      Damage    Failure   Level
 Animate Skeleton         Necr           0%         N/A       100%        1
 Pain                     Necr           0%         1d4       100%        1
 Gell's Gravitas          Tloc           0%         N/A       100%        3
 Inner Flame              Hex/Fire       0%         N/A       100%        3
 Lesser Beckoning         Tloc           0%         N/A       100%        3
 Teleport Other           Tloc           0%         N/A       100%        3
 Vampiric Draining        Necr           0%         2d6       100%        3
 Cause Fear               Hex            0%         N/A       100%        4
 Discord                  Hex            0%         N/A       100%        8


Dungeon Overview and Level Annotations

Branches:
Dungeon (6/15)
 Temple: D:4-7

Altars:

Annotations:
D:3 2 transporters, seaofthunder's ghost, amateur HOFi


Innate Abilities, Weirdness & Mutations

You have a pair of horns on your head.
You reflexively headbutt those who attack you in melee.


Message History

The large abomination is severely damaged.
You block the large abomination's attack.
You hit the large abomination but do no damage.
You headbutt the large abomination.
The large abomination is severely damaged.
The large abomination closely misses you.
You block the large abomination's attack.
You hit the large abomination but do no damage.
The large abomination is severely damaged.
You block the large abomination's attack.
The large abomination hits you!!
* * * LOW HITPOINT WARNING * * *
You hit the large abomination.
You headbutt the large abomination, but do no damage.
The large abomination is severely damaged.
The large abomination barely misses you.
You furiously retaliate!
You headbutt the large abomination! You slash the large abomination!
You destroy the large abomination!
That felt strangely unrewarding.
You start resting.
A small abomination comes into view.
You slash the small abomination! You headbutt the small abomination.
The small abomination is heavily damaged.
You block the small abomination's attack.
You slash the small abomination!
The small abomination is almost destroyed.
You hit the small abomination but do no damage.
You block the small abomination's attack.
The small abomination hits you but does no damage.
You hit the small abomination. You headbutt the small abomination.
The small abomination is lightly damaged.
You closely miss the small abomination.
You block the small abomination's attack.
A large abomination comes into view.
The small abomination hits you but does no damage.
You block the small abomination's attack.
A will-o-the-wisp comes into view.
The small abomination hits you!
You die...

..#. . #... ..##...
≈..... # ≈≈ ..... ##
.# ≈≈≈. ... .#.#
♣♣≈≈## ###..## .≈≈#
. #@.#.# ≈≈
##...###xx.## ≈
≈#.....#.....#..
≈≈≈♣..............#
≈≈≈≈≈.............#
≈≈≈..≈............#
≈≈≈#..X..#.....#..v#
.≈≈≈#≈..###...###.#.
≈≈≈≈≈....#.....# .#


You could see a large abomination (wandering), a will-o-the-wisp (wandering) and
2 small abominations.

Vanquished Creatures
  A large abomination (Abyss:1)
  Sigmund (D:3)
  A black bear (D:5)
  3 ogres
  A centaur (D:6)
  2 necrophages
  A vampire bat (D:5)
  A howler monkey (D:4)
  4 hounds
  Crazy Yiuf (D:2)
  A gnoll shaman (D:5)
  2 orc priests
  2 iguanas
  Ijyb (D:4)
  2 orc wizards
  12 gnolls
  9 adders
  An ufetubus (Abyss:1)
  A worm (D:2)
  3 fire bats (D:5)
  9 orcs
  2 spectral bats (D:5)
  3 bat skeletons (D:5)
  A bat zombie (D:5)
  8 endoplasms
  6 giant cockroaches
  4 goblins
  9 hobgoblins
  4 jackals (D:1)
  13 kobolds
  2 quokkas
  7 ball pythons
  14 bats
  A bat simulacrum (D:5)
  5 frilled lizards
  2 rats
140 creatures vanquished.

Vanquished Creatures (others)
  26 plants (D:6)
26 creatures vanquished.

Grand Total: 166 creatures vanquished

Notes
Turn   | Place    | Note
-------+----------+-------------------------------------------
     0 | D:1      | chopper the Minotaur Fighter began the quest for the Orb.
     0 | D:1      | Reached XP level 1. HP: 19/19 MP: 0/0
   479 | D:1      | Reached XP level 2. HP: 27/27 MP: 1/1
  1229 | D:2      | Reached XP level 3. HP: 27/33 MP: 2/2
  1952 | D:2      | Found a faded altar of an unknown god.
  1955 | D:2      | Reached XP level 4. HP: 40/40 MP: 3/3
  2040 | D:2      | Found a runed translucent door.
  2041 | D:2      | Noticed Crazy Yiuf
  2080 | D:2      | Killed Crazy Yiuf
  2446 | D:3      | Noticed seaofthunder's ghost (amateur HOFi)
  2447 | D:3      | Found a transporter.
  2646 | D:3      | Found a transporter.
  2807 | D:3      | Noticed Sigmund
  2837 | D:3      | Killed Sigmund
  2838 | D:3      | Reached skill level 5 in Armour
  2838 | D:3      | Reached skill level 5 in Shields
  2838 | D:3      | Reached XP level 5. HP: 30/47 MP: 4/4
  2838 | D:3      | Reached XP level 6. HP: 34/53 MP: 5/5
  3642 | D:3      | Reached skill level 5 in Axes
  4406 | D:4      | Noticed Ijyb
  4420 | D:4      | Killed Ijyb
  4604 | D:4      | Reached XP level 7. HP: 60/60 MP: 6/6
  4723 | D:5      | Entered Level 5 of the Dungeon
  4810 | D:5      | Reached skill level 1 in Dodging
  5129 | D:5      | Reached skill level 5 in Fighting
  5897 | D:5      | Reached XP level 8. HP: 62/68 MP: 7/7
  7247 | D:6      | Cast into level 1 of the Abyss (gnoll sergeant)
  7310 | Abyss:1  | Noticed a large abomination
  7326 | Abyss:1  | HP: 2/69 [large abomination (24)]
  7328 | Abyss:1  | Killed a large abomination
  7371 | Abyss:1  | Noticed a small abomination
  7378 | Abyss:1  | Noticed a large abomination
  7378 | Abyss:1  | Noticed a will-o-the-wisp
  7378 | Abyss:1  | Slain by a small abomination

Illustrated notes

Levels and vault maps discovered:
D:1:      amcnicky_arrival_feature_with_door, layout_basic,
          hangedman_decor_opposing, serial_park_tiny_2
D:2:      layout_loops_ring, dreamdust_ecumenical_altar_angels_and_demons,
          uniq_crazy_yiuf_cottage
D:3:      minmay_evil_eye, layout_basic, gammafunk_ghost_arena,
          minmay_diced_spiral, uniq_sigmund
D:4:      layout_basic, minivault_19, uniq_ijyb
D:5:      layout_loops_corners, kennysheep_crisscross, goddamned_bats
D:6:      kennysheep_housing_project, layout_basic, temple_hall
Abyss:1:  base:
D:2

Skill      XL: |  1  2  3  4  5  6  7  8 |
---------------+-------------------------+-----
Shields        | 4 5 6 8 |  8.2
Fighting       | 4 5 |  5.4
Armour         | 4 5 6 |  6.4
Axes           | 3 4 5 7 8 |  8.0
Dodging        | 1 |  1.7
Crossbows      | |  0.1
Throwing       | |  0.4
Stealth        | |  0.2

Action                   |  1- 3 |  4- 6 |  7- 9 || total
-------------------------+-------+-------+-------++-------
Melee: War axe           |    65 |    92 |   177 ||   334
       Headbutt          |     8 |    15 |    39 ||    62
 Fire: Hand crossbow     |       |     2 |       ||     2
Throw: Boomerang         |       |       |    12 ||    12
  Use: Scroll            |     7 |     2 |     3 ||    12
       Potion            |       |     2 |       ||     2
Armor: Scale mail        |    12 |       |       ||    12
       Chain mail        |    32 |    44 |   171 ||   247
Dodge: Dodged            |    25 |    22 |    64 ||   111
Block: Buckler           |     4 |       |       ||     4
       Tower shield      |    39 |   110 |   268 ||   417
       Kite shield       |     8 |       |       ||     8

Table legend: (Time is in decaauts)
 A = Elapsed time spent in this place.
 B = Non-inter-level travel time spent in this place.
 C = Inter-level travel time spent in this place.
 D = Time resting spent in this place.
 E = Time spent auto-exploring this place.
 F = Levels seen in this place.
 G = Mean time per level.
                   A        B        C        D        E       F      G
               +--------+--------+--------+--------+--------+-----+--------+
         Total |   7570 |   7570 |      0 |   1810 |      0 |   7 | 1081.4 |
       Dungeon |   7432 |   7432 |      0 |   1781 |      0 |   6 | 1238.7 |
         Abyss |    137 |    137 |      0 |     29 |      0 |   1 |  137.0 |
               +--------+--------+--------+--------+--------+-----+--------+

Top non-repeatable levels by time:
     D:5: 1768 daAuts
     D:2: 1551 daAuts
     D:1: 1205 daAuts
     D:3: 1107 daAuts
     D:4: 1044 daAuts
     D:6: 754 daAuts
 Abyss:1: 137 daAuts
